 Dungeon Crawl Stone Soup version 0.29.0-15-g675c0067aa (webtiles) character file.

Game seed: 2643840743016947059

353 NotreDorf the Ducker (level 6, -5/66 HPs)
             Began as a Merfolk Gladiator on Sept 11, 2022.
             Slain by Menkaure (14 damage)
             ... on level 5 of the Dungeon.
             The game lasted 00:12:37 (3265 turns).

NotreDorf the Ducker (Merfolk Gladiator)            Turns: 3265, Time: 00:12:37

Health: -5/66      AC: 23    Str: 14    XL:     6   Next: 62%
Magic:  6/6        EV:  2    Int:  8    God:
Gold:   367        SH:  0    Dex: 23    Spells: 5/5 levels left

rFire   + . .      SeeInvis .   a - +1 trident
rCold   + . .      Faith    .   (no shield)
rNeg    . . .      Spirit   .   (body armour currently unavailable)
rPois   +          Reflect  .   (helmet currently unavailable)
rElec   +          Harm     .   (cloak currently unavailable)
rCorr   +          Rampage  .   (gloves currently unavailable)
Will    .....      NoTele   +   (boots currently unavailable)
Stlth   ++........              u - amulet of regeneration
HPRegen 1.01/turn               n - +6 ring of dexterity
MPRegen 0.10/turn               (no ring)

@: tree-form, resistant
A: stationary, stasis, torment immunity, boosted hp, (nimble swimmer 2),
(mertail), (fangs 1), frail 1
a: no special abilities


You were on level 5 of the Dungeon.
You were a tree.
You visited 1 branch of the dungeon, and saw 5 of its levels.

You collected 367 gold pieces.

Inventory:

Hand Weapons
 a - a +1 trident (weapon)
Missiles
 c - 8 poisoned darts
 d - 2 throwing nets (quivered)
Armour
 f - a +2 leather armour of fire resistance (melded)
 k - a +0 pair of gloves (melded)
 o - a +2 helmet (melded)
 z - a +0 pair of boots (melded)
Jewellery
 m - a ring of ice
 n - a +6 ring of dexterity (left branch)
 p - a ring of wizardry
 u - an amulet of regeneration (around neck)
Scrolls
 b - a scroll of enchant weapon
Potions
 e - 2 potions of curing
 r - a potion of lignification
 s - a potion of mutation
 v - 2 potions of resistance


   Skills:
 + Level 4.7 Fighting
 + Level 6.3 Polearms
 - Level 2.0 Throwing
 + Level 6.3 Dodging


You had 5 spell levels left.
You didn't know any spells.
Your spell library was empty.

Dungeon Overview and Level Annotations

Branches:
Dungeon (5/15)
 Temple: D:4-7

Altars:
Makhleb
Xom

Annotations:
D:3 2 transporters
D:5 Menkaure


Innate Abilities, Weirdness & Mutations

You are a tree.
Your roots penetrate the ground, keeping you stationary.
You cannot be teleported.
You are immune to unholy pain and torment.
Your maximum health is greatly increased.
Your equipment is partially melded.
((You are very nimble when in or above water. (Stealth+, EV+, Speed+++)))
((Your lower body shifts to a powerful aquatic tail in water.))
((You have very sharp teeth.))
You are frail. (-10% HP)


Message History

You are confused.
You feel invigorated.
Menkaure blazes with dark energy!
Menkaure hits you!
* * * LOW HITPOINT WARNING * * *
Menkaure barely misses you.
You swing at nothing.
Menkaure hits you.
* * * LOW HITPOINT WARNING * * *
You cannot move. (Use ctrl+direction or * direction to attack while stationary and confused.)
You completely miss Menkaure.
Menkaure is moderately damaged.
Menkaure hits you.
* * * LOW HITPOINT WARNING * * *
You swing at nothing.
Menkaure hits you.
* * * LOW HITPOINT WARNING * * *
You swing at nothing.
Menkaure hits you but does no damage.
You barely miss Menkaure.
Menkaure is moderately damaged.
Menkaure blazes with dark energy!
Menkaure hits you but does no damage. x2
You cannot move. (Use ctrl+direction or * direction to attack while stationary and confused.)
You closely miss Menkaure.
Menkaure is lightly damaged.
Menkaure hits you but does no damage.
You nearly hit yourself!
Menkaure hits you but does no damage.
You attack the rock wall.
You feel less invigorated.
You feel less confused. Menkaure hits you!
* * * LOW HITPOINT WARNING * * *
Menkaure hits you but does no damage.
Menkaure hits you but does no damage. x2
Menkaure hits you but does no damage. Menkaure hits you but does no damage.
Menkaure hits you but does no damage. Menkaure hits you!
* * * LOW HITPOINT WARNING * * *
The jelly jiggles.
Menkaure hits you but does no damage. x2
Menkaure hits you!
You die...

...........
#..........
#..........
#.......... ###.
#.......... ....
#......>".. .....
#J........#
.....##M#########
.......♣........
.....#..........
###.##..........
#.##..........
#.##..........
#.##..........
#.####.............
#......##..........
#.#.##............


You could see Menkaure (fast) and a jelly.

Vanquished Creatures
  An ice beast (D:4)
  A necrophage (D:5)
  A crimson imp (D:3)
  A hound (D:5)
  Ijyb (D:2)
  5 adders
  2 dart slugs
  7 orcs
  3 ball pythons
  5 bats
  5 giant cockroaches
  6 goblins
  10 hobgoblins
  2 jackals (D:4)
  9 kobolds
  2 quokkas
  4 frilled lizards
  6 rats
71 creatures vanquished.

Notes
Turn   | Place    | Note
-------+----------+-------------------------------------------
     0 | D:1      | NotreDorf the Merfolk Gladiator began the quest for the
                  | Orb.
     0 | D:1      | Reached XP level 1. HP: 16/16 MP: 1/1
    35 | D:1      | Found a faded altar of an unknown god.
   178 | D:1      | Reached XP level 2. HP: 23/23 MP: 2/2
  1006 | D:2      | Reached XP level 3. HP: 28/28 MP: 3/3
  1526 | D:3      | Noticed Ijyb
  1592 | D:2      | Killed Ijyb
  1624 | D:3      | Reached XP level 4. HP: 32/35 MP: 4/4
  1646 | D:3      | Found a transporter.
  1654 | D:3      | Found a transporter.
  1721 | D:3      | Reached skill level 5 in Polearms
  1726 | D:3      | Reached skill level 5 in Dodging
  2018 | D:3      | Found a shimmering altar of Xom.
  2018 | D:3      | Found a burning altar of Makhleb.
  2040 | D:3      | Reached XP level 5. HP: 36/41 MP: 5/5
  2700 | D:4      | Noticed an ice beast
  2718 | D:4      | Killed an ice beast
  2719 | D:4      | Reached XP level 6. HP: 30/48 MP: 6/6
  3122 | D:5      | Entered Level 5 of the Dungeon
  3229 | D:5      | Noticed Menkaure
  3244 | D:5      | HP: 1/49 [Menkaure (15)]
  3246 | D:5      | Gained mutation: You have very sharp teeth. [potion of
                  | mutation]
  3246 | D:5      | Gained mutation: You are frail. (-10% HP) [potion of
                  | mutation]
  3251 | D:5      | HP: 2/66 [Menkaure (6)]
  3265 | D:5      | Slain by Menkaure

Illustrated notes

Levels and vault maps discovered:
D:1:      ebering_hopf_link, layout_basic, basic_ecumenical_altar,
          minmay_pentomino_s4
D:2:      layout_loops_ring, mrwooster_statue_mirror, dk_noncrumbling_3,
          minmay_misc_feat_plants
D:3:      gammafunk_wand_slinger, layout_loops_ring,
          grunt_temple_overflow_champion_of_chaos, minmay_pentomino_pile,
          uniq_ijyb
D:4:      layout_gridville
D:5:      layout_basic, tso_oasis_becter, uniq_menkaure, uniq_grinder

Skill      XL: |  1  2  3  4  5  6 |
---------------+-------------------+-----
Fighting       | 3 4 |  4.7
Polearms       | 5 6 |  6.3
Dodging        | 5 6 |  6.3
Throwing       | |  2.0

Action                   |  1- 3 |  4- 6 || total
-------------------------+-------+-------++-------
Melee: Trident           |   107 |   173 ||   280
       Punch             |       |     4 ||     4
Throw: Throwing net      |     2 |       ||     2
  Use: Potion            |     3 |     5 ||     8
       Scroll            |     2 |    10 ||    12
 Stab: Sleeping          |     4 |     2 ||     6
Armor: Leather armour    |    13 |    46 ||    59
       Skin              |       |    15 ||    15
Dodge: Dodged            |    60 |    91 ||   151
